 Dungeon Crawl Stone Soup version 0.30-a0-840-ga523dec638 (webtiles) character file.

Game seed: 9292769678707665705

1323 Dittersdorf the Shield-Bearer (level 8, 0/52 HPs)
             Began as a Gargoyle Fighter on Mar 1, 2023.
             Slain by Maggie
             ... wielding a +1 heavy morningstar
              (8 damage)
             ... on level 7 of the Dungeon.
             The game lasted 00:06:27 (5071 turns).

Dittersdorf the Shield-Bearer (Gargoyle Fighter)    Turns: 5071, Time: 00:06:27

Health: 0/52       AC: 18    Str: 21    XL:     8   Next: 59%
Magic:  8/8        EV:  7    Int: 10    God:
Gold:   126        SH:  5    Dex:  9    Spells: 7/7 levels left

rFire   . . .      SeeInvis .    a - +0 flail
rCold   . . .      Faith    .    c - +0 buckler
rNeg    + . .      Spirit   .    f - +0 chain mail
rPois   ∞          Reflect  .    s - +0 helmet
rElec   +          Harm     .    (no cloak)
rCorr   .          Rampage  .    b - +0 pair of gloves
Will    .....                    (no boots) Stlth
                                 (no amulet)
HPRegen 0.28/turn                (no ring)
MPRegen 0.11/turn                (no ring)

@: mesmerised
A: sickness immunity, AC +5, negative energy resistance 1, electricity
resistance, torment resistance 1, petrification resistance
a: no special abilities


You were on level 7 of the Dungeon.
You visited 1 branch of the dungeon, and saw 7 of its levels.

You collected 126 gold pieces.

Inventory:

Hand Weapons
 a - a +0 flail (weapon)
Armour
 b - a +0 pair of gloves (worn)
 c - a +0 buckler (worn)
 f - a +0 chain mail (worn)
 s - a +0 helmet (worn)
Wands
 p - a wand of paralysis (9)
 r - a wand of flame (20)
Scrolls
 h - 2 scrolls of teleportation
 j - a scroll of enchant weapon {unknown}
 k - a scroll of vulnerability {unknown}
Potions
 d - 2 potions of might
 e - 3 potions of haste {unknown}
 g - 2 potions of heal wounds {unknown}
 i - 2 potions of attraction {unknown}
 l - 2 potions of curing {unknown}
 m - a potion of cancellation
 n - a potion of magic
 o - a potion of flight
 q - a potion of resistance {unknown}


   Skills:
 + Level 6.4 Fighting
 + Level 5.4 Maces & Flails
 + Level 6.4 Armour
 + Level 6.5 Shields


You had 7 spell levels left.
You didn't know any spells.
Your spell library contained the following spells:

 Spells                   Type           Power      Damage    Failure   Level
 Freeze                   Ice            0%         1d3       98%         1
 Frozen Ramparts          Ice            0%         1d1       100%        3
 Hailstorm                Conj/Ice       0%         3d3       100%        3


Dungeon Overview and Level Annotations

Branches:
Dungeon (7/15)
 Temple: D:4-7

Altars:

Shops:
D:2 [

Annotations:
D:6 Dowan, Duvessa, Edmund, Prince Ribbit
D:7 Maggie


Innate Abilities, Weirdness & Mutations

You are immune to sickness and miasma.
Your stone body is resilient. (AC +5)
You are immune to poison.
You resist negative energy. (rN+)
You are resistant to electric shocks. (rElec)
You are resistant to unholy torment.
You are immune to petrification.


Message History

You are too injured to fight recklessly!
You thump the orc priest!
The orc priest is almost dead.
The orc priest hits you but does no damage.
Maggie hits you but does no damage.
You hit the orc priest.
You kill the orc priest!
The orc priest shouts!
The orc shouts!
Maggie closely misses you. The orc barely misses you.
Things that are here:
a +0 flail; a +0 leather armour; an orc corpse Maggie hits you with a +1 heavy morningstar.
There is a stone staircase leading down here.
The orc priest hits you but does no damage.
You block the orc's attack.
You climb downwards.
You hear the hiss of flowing sand.
There is an entrance to an ossuary on this level.
Hurry and find it before the portal is buried!
The hound barks!
The gnoll shouts! x2; The centaur shouts!
You hear a shout! x2
You hear a bark!
Found a sling.
There is a stone staircase leading up here.
Maggie hits you with a +1 heavy morningstar!
* * * LOW HITPOINT WARNING * * *
The orc priest hits you but does no damage.
Maggie attacks as you move away! Maggie closely misses you.
The orc throws a boomerang.
The boomerang barely misses you.
Maggie gestures wildly while chanting.
Maggie attempts to bespell you!
You are mesmerised by Maggie!
You cannot move away from Maggie!
You cannot move away from Maggie!
You cannot move away from Maggie!
You cannot move away from Maggie!
The orc priest hits you but does no damage.
The orc hits you but does no damage.
You hit the orc priest.
The orc priest is lightly wounded.
Maggie hits you with a +1 heavy morningstar!
You die...

. ##+##### ...
######).@@.h#...##
#......coo<.......
..#####....h.g....
#. ###....g....
##........
#........
#....##.. #......
. .......


You could see Maggie (mesmerising), a centaur, 2 hounds, an orc priest, 2 gnolls
and an orc.

Vanquished Creatures
  A water moccasin (D:5)
  3 black bears
  An ogre (D:5)
  A centaur (D:5)
  A phantom (D:5)
  4 scorpions
  2 hounds
  A jelly (D:4)
  3 orc priests
  A gnoll bouda (D:5)
  An iguana (D:4)
  Jessica (D:2)
  An orc wizard (D:5)
  Robin (D:3)
  2 adders
  5 gnolls
  An ufetubus (D:5)
  3 worms
  A dart slug (D:2)
  8 orcs
  6 ball pythons
  5 endoplasms
  A giant cockroach (D:3)
  10 goblins
  12 hobgoblins
  4 jackals (D:4)
  2 quokkas
  4 bats
  7 frilled lizards
  5 kobolds
  5 rats
103 creatures vanquished.

Notes
Turn   | Place    | Note
-------+----------+-------------------------------------------
     0 | D:1      | Dittersdorf the Gargoyle Fighter began the quest for the
                  | Orb.
     0 | D:1      | Reached XP level 1. HP: 14/14 MP: 1/1
   299 | D:1      | Reached XP level 2. HP: 19/19 MP: 2/2
   782 | D:2      | Noticed Jessica
   791 | D:2      | Killed Jessica
   792 | D:2      | Reached XP level 3. HP: 24/24 MP: 3/3
   852 | D:2      | Found Reqelayf's Armour Shop.
  1096 | D:2      | Reached XP level 4. HP: 29/29 MP: 4/4
  1753 | D:3      | Reached XP level 5. HP: 7/33 MP: 5/5
  1880 | D:3      | Noticed Robin
  1904 | D:3      | Killed Robin
  2272 | D:4      | Reached XP level 6. HP: 33/39 MP: 6/6
  3181 | D:5      | Entered Level 5 of the Dungeon
  3329 | D:5      | Reached skill level 5 in Armour
  3329 | D:5      | Reached skill level 5 in Shields
  3458 | D:5      | Reached skill level 5 in Fighting
  3458 | D:5      | Reached XP level 7. HP: 44/44 MP: 7/7
  3902 | D:5      | Reached XP level 8. HP: 8/51 MP: 8/8
  4173 | D:5      | Identified the +0 dagger of World's End {distort, Int+4}
  4303 | D:5      | Reached skill level 5 in Maces & Flails
  4693 | D:6      | Noticed Maggie
  4694 | D:6      | Noticed Edmund
  4936 | D:6      | Noticed Prince Ribbit
  4938 | D:6      | Noticed Dowan
  4941 | D:6      | Noticed Duvessa
  5071 | D:7      | Slain by Maggie

Illustrated notes

Levels and vault maps discovered:
D:1:      elethiomel_arrival_shortcut, layout_loops_ring,
          minmay_misc_feat_plants
D:2:      layout_loops_ring, serial_shops, nicolae_shop_trees,
          grunt_decor_junction, serial_bayou_pond_d, uniq_jessica
D:3:      layout_rooms, uniq_robin
D:4:      layout_basic, patterned_corridor
D:5:      layout_gridville
D:6:      layout_cave_pools, lemuel_zombie_altar_kikubaaqudgha,
          amcnicky_altar_gilded, minmay_temple_entry_butterflies, uniq_duvessa,
          uniq_prince_ribbit1, uniq_edmund, uniq_maggie
D:7:      layout_cave_pools, enter_ossuary_1, gammafunk_ghost_stat_death,
          serial_gnoll_camp, gnoll_camp_huts_moat, gnoll_camp_medium_02,
          gnoll_camp_mini_basic, gnoll_camp_mini_hut, lightli_corner_chamber,
          uniq_joseph

Skill      XL: |  1  2  3  4  5  6  7  8 |
---------------+-------------------------+-----
Shields        | 4 5 6 |  6.5
Armour         | 4 5 6 |  6.4
Fighting       | 4 5 6 |  6.4
Maces & Flails | 3 4 5 |  5.4

Action                     |  1- 3 |  4- 6 |  7- 9 || total
---------------------------+-------+-------+-------++-------
  Melee: Flail             |    92 |   188 |   185 ||   465
    Use: Scroll            |       |     8 |     1 ||     9
 Armour: Chain mail        |    48 |   174 |   205 ||   427
  Dodge: Dodged            |    32 |   102 |   111 ||   245
  Block: Buckler           |    12 |    63 |    64 ||   139

Table legend: (Time is in decaauts)
 A = Elapsed time spent in this place.
 B = Non-inter-level travel time spent in this place.
 C = Inter-level travel time spent in this place.
 D = Time resting spent in this place.
 E = Time spent auto-exploring this place.
 F = Levels seen in this place.
 G = Mean time per level.
                   A        B        C        D        E       F      G
               +--------+--------+--------+--------+--------+-----+--------+
         Total |   5195 |   5013 |    182 |    673 |   3305 |   7 |  742.1 |
       Dungeon |   5195 |   5013 |    182 |    673 |   3305 |   7 |  742.1 |
               +--------+--------+--------+--------+--------+-----+--------+

Top non-repeatable levels by time:
     D:5: 1693 daAuts
     D:4: 1079 daAuts
     D:2: 846 daAuts
     D:1: 788 daAuts
     D:3: 630 daAuts
     D:6: 152 daAuts
     D:7: 4 daAuts
